 Dungeon Crawl Stone Soup version 0.24-a0-434-gd57e52f (webtiles) character file.

Game seed: 8385362015615320983

6389 ky the Martial Artist (level 10, -2/75 HPs)
             Began as a Green Draconian Transmuter on June 16, 2019.
             Was a Believer of Hepliaklqana.
             Slain by Grum
             ... wielding a -1 spear of pain
              (20 damage)
             ... on level 9 of the Dungeon.
             The game lasted 00:43:56 (12226 turns).

ky the Martial Artist (Green Draconian Transmuter) Turns: 12226, Time: 00:43:57

Health: -2/75      AC:  2    Str: 12    XL:     10   Next: 66%
Magic:  15/16      EV: 20    Int: 16    God:    Hepliaklqana [**....]
Gold:   616        SH:  2    Dex: 18    Spells: 6/18 levels left

rFire    . . .     SeeInvis +     - Unarmed
rCold    . . .     Gourm    .   (shield currently unavailable)
rNeg     . . .     Faith    .   (armour unavailable)
rPois    .         Spirit   .   (helmet currently unavailable)
rElec    .         Reflect  +   (cloak currently unavailable)
rCorr    .         Harm     .   (gloves currently unavailable)
MR       .....                  (boots currently unavailable)
Stlth    ++........             o - amulet "Citabena" {Reflect rPois SH+2}
HPRegen  0.22/turn              l - ring of see invisible
MPRegen  0.15/turn              (no ring)

@: spider-form
A: tiny, (breathe noxious fumes), unfitting armour, reduced essence, AC +7
a: End Transformation, Recall Ancestor, Ancestor Identity, Renounce Religion


You were on level 9 of the Dungeon.
You worshipped Hepliaklqana.
Hepliaklqana was pleased with you.
You were hungry.
You were a venomous arachnid creature.
You visited 2 branches of the dungeon, and saw 10 of its levels.

You collected 616 gold pieces.

Inventory:

Missiles
 a - 134 arrows
Armour
 d - a +0 pair of boots (melded)
 e - a +0 cloak (melded)
Jewellery
 l - a ring of see invisible (left front leg)
 o - the amulet "Citabena" (around neck) {Reflect rPois SH+2}
   (You took it off an orc on level 4 of the Dungeon)

   [amulet of reflection]

   It shields you and reflects attacks.
   It protects you from poison.
   It affects your SH (+2).
Wands
 q - a wand of flame (18)
 s - a wand of iceblast (11)
 t - a wand of digging (2)
 v - a wand of enslavement (10)
Scrolls
 b - 16 scrolls of identify
 g - a scroll of fog
 h - a scroll of enchant weapon {unknown}
 j - 5 scrolls of remove curse
 m - 3 scrolls of teleportation
 n - a scroll of magic mapping
 u - a scroll of amnesia
 w - a scroll of enchant armour {unknown}
Potions
 i - 2 potions of curing {unknown}
 k - a potion of might {unknown}
 p - a potion of heal wounds
 r - a potion of brilliance {unknown}
 x - a potion of flight {unknown}
Comestibles
 c - 6 rations


   Skills:
 + Level 6.9 Fighting
 + Level 2.5 Dodging
 * Level 9.8 Unarmed Combat
 + Level 4.6 Spellcasting
 + Level 0.7 Conjurations
 - Level 7.0 Transmutations
 - Level 4.2 Ice Magic
 - Level 3.0 Air Magic
 + Level 6.8 Poison Magic


You had 6 spell levels left.
You knew the following spells:

 Your Spells              Type           Power        Failure   Level  Hunger
a - Ice Form              Ice/Tmut       ###.....     34%         4    ####...
b - Sticks to Snakes      Tmut           ####....     6%          2    ##.....
c - Spider Form           Tmut/Pois      ####......   10%         3    ###....
d - Mephitic Cloud        Conj/Pois/Air  ###.....     26%         3    ###....

Your spell library contained the following spells:

 Spells                   Type           Power        Failure   Level  Hunger
 Beastly Appendage        Tmut           ####..       4%          1    None
 Magic Dart               Conj           #...         28%         1    None
 Blink                    Tloc           N/A          45%         2    ##.....
 Call Imp                 Summ           #.......     45%         2    ##.....
 Slow                     Hex            #.......     45%         2    ##.....
 Blade Hands              Tmut           ####......   45%         5    ######.
 Conjure Flame            Conj/Fire      #.......     61%         3    ###....


Dungeon Overview and Level Annotations

Branches:
Dungeon (9/15)             Temple (1/1) D:4             Orc (0/2) D:9
   Lair: D:8-11

Altars:
Ashenzari
Cheibriados
Dithmenos
Elyvilon
Fedhas
Gozag
Hepliaklqana
Kikubaaqudgha
Makhleb
Nemelex Xobeh
Okawaru
Qazlal
Ru
Sif Muna
Trog
Vehumet
Wu Jian
Xom
Yredelemnul
Zin
The Shining One

Shops:
D:6 [

Annotations:
D:9 Grum


Innate Abilities, Weirdness & Mutations

((You can breathe blasts of noxious fumes.))
((Your lurid green scales are hard. (AC +7)))
You cannot fit into any form of body armour.
((Your system is resistant to poisons. (rPois)))
((You are cold-blooded and may be slowed by cold attacks.))
Your life essence is reduced to manifest your ancestor. (-10% HP)


Message History

You kill the wolf!
The wolf bites you!
* * * LOW HITPOINT WARNING * * *
You bite the wolf!
You kill the wolf!
Grum misses you.
Things that are here:
a wolf corpse x3
You hit Grum.
Grum is poisoned.
Grum is lightly wounded.
Grum closely misses you.
You hit Grum.
Grum is moderately wounded.
Grum completely misses you.
You hit Grum but do no damage.
Grum is moderately wounded.
Grum hits you but does no damage.
You writhe in agony.
* * * LOW HITPOINT WARNING * * *
Grum hits you from afar with a -1 spear of pain!!
You die...

##.# #..#####.#...# #.#
#..R.....#.#.#
#.####.#####.#h#.#
#................#
#.####.#####..#..# #.#
#.# ##...## #######
#.####<### ##g##
#.....# #.##.....# #†#
#.###.#### #.##.....##
#s#######.###.....
#.##......#
#.............#### #.
#......##
###...........#
#.......#
#...........###
#######.#
#.....>.......## #.#
#............... ##.##
#...........#.## #...##
#...........#.#
#.###.###).#..##.##...#


You could see Grum.

Vanquished Creatures
  A two-headed ogre (D:8)
  A hippogriff (D:7)
  A phantom (D:7)
  5 orc warriors
  A black bear (D:6)
  2 ice beasts
  4 wolves (D:9)
  3 ogres
  3 centaurs
  4 bullfrogs
  2 scorpions (D:4)
  6 killer bees
  7 wights (D:8)
  5 howler monkeys
  3 crimson imps
  A bullfrog zombie (D:5)
  4 orc priests
  4 hounds
  A jelly (D:7)
  2 bullfrog skeletons
  Ijyb (D:5)
  2 iguanas (D:4)
  4 orc wizards
  Natasha (thrice) (D:2)
  3 worker ants
  A hound skeleton (D:4)
  A worker ant zombie (D:6)
  3 adders
  2 gnolls (D:7)
  A shadow imp (D:8)
  An ooze (D:1)
  An adder skeleton (D:5)
  A worm (D:2)
  3 dart slugs
  9 leopard geckos
  39 orcs
  5 bats
  10 giant cockroaches
  9 hobgoblins
  7 jackals
  11 kobolds
  4 quokkas
  A ball python (D:3)
  7 frilled lizards
  6 goblins
  A leopard gecko skeleton (D:4)
  5 rats
201 creatures vanquished.

Vanquished Creatures (collateral kills)
  A troll (D:9)
  A hippogriff (D:7)
  Prince Ribbit (D:9)
  A sky beast (D:8)
  An orc warrior (D:9)
  3 phantoms
  2 necrophages
  2 ogres
  A crocodile (D:7)
  2 bullfrogs
  3 killer bees
  A wight (D:8)
  2 howler monkeys
  3 hounds
  2 worker ants
  2 orc wizards
  A hound skeleton (D:7)
  An adder (D:9)
  A gnoll (D:7)
  A shadow imp (D:5)
  An adder zombie (D:6)
  6 orcs
  A jackal (D:8)
40 creatures vanquished.

Vanquished Creatures (others)
  A knight (D:9)
  2 ancestors (D:7)
3 creatures vanquished.

Grand Total: 244 creatures vanquished

Notes
Turn   | Place    | Note
-------+----------+-------------------------------------------
     0 | D:1      | ky the Draconian Transmuter began the quest for the Orb.
     0 | D:1      | Reached XP level 1. HP: 16/16 MP: 3/3
   275 | D:1      | Reached XP level 2. HP: 23/23 MP: 3/5
   304 | D:1      | Learned a level 2 spell: Sticks to Snakes
   742 | D:1      | Reached XP level 3. HP: 28/28 MP: 6/6
   845 | D:2      | Noticed a phantom
   865 | D:1      | Learned a level 3 spell: Spider Form
  1713 | D:2      | Found a sacrificial altar of Ru.
  1840 | D:2      | Noticed Natasha
  1846 | D:2      | Killed Natasha
  1846 | D:2      | Reached XP level 4. HP: 7/35 MP: 3/7
  1944 | D:2      | Noticed Natasha
  1953 | D:2      | Killed Natasha
  2409 | D:2      | Noticed Natasha
  2425 | D:2      | Killed Natasha
  2425 | D:2      | Reached skill level 4 in Unarmed Combat
  2425 | D:2      | Reached skill level 1 in Poison Magic
  2928 | D:3      | Reached XP level 5. HP: 41/41 MP: 8/8
  3494 | D:3      | Noticed a phantom
  3507 | D:3      | Killed a phantom
  3507 | D:3      | Reached XP level 6. HP: 42/50 MP: 2/9
  4173 | D:4      | Reached skill level 5 in Unarmed Combat
  5004 | D:4      | Reached skill level 5 in Transmutations
  5004 | D:4      | Your scales start taking on a lurid green colour.
  5004 | D:4      | Reached XP level 7. HP: 43/57 MP: 6/10
  5004 | D:4      | Gained mutation: Your system is resistant to poisons.
                  | (rPois) [Green Draconian growth]
  5280 | D:4      | Identified the amulet "Citabena" {Reflect rPois SH+2}
  5290 | D:4      | Found a staircase to the Ecumenical Temple.
  5364 | Temple   | Entered the Ecumenical Temple
  5372 | Temple   | Became a worshipper of Hepliaklqana the Forgotten
  5769 | D:5      | Entered Level 5 of the Dungeon
  5790 | D:5      | Reached skill level 6 in Unarmed Combat
  6245 | D:5      | Noticed Ijyb
  6280 | D:5      | Killed Ijyb
  6382 | D:5      | Reached XP level 8. HP: 44/59 MP: 8/11
  6747 | D:6      | Found Wuxuzu's Antique Armour Boutique.
  6818 | D:6      | Reached skill level 7 in Unarmed Combat
  7085 | D:6      | Found a glowing golden altar of the Shining One.
  7329 | D:6      | Learned a level 4 spell: Ice Form
  7412 | D:6      | Reached * piety under Hepliaklqana
  8063 | D:7      | Reached skill level 5 in Fighting
  8063 | D:7      | Reached skill level 1 in Ice Magic
  8063 | D:7      | Reached XP level 9. HP: 65/66 MP: 12/12
  8354 | D:7      | Found a radiant altar of Vehumet.
  8604 | D:6      | Learned a level 3 spell: Mephitic Cloud
  8636 | D:7      | Reached skill level 8 in Unarmed Combat
  8948 | D:7      | Reached skill level 5 in Poison Magic
  9910 | D:7      | Reached skill level 1 in Air Magic
 10538 | D:8      | Reached skill level 9 in Unarmed Combat
 10552 | D:8      | Reached XP level 10. HP: 64/74 MP: 12/15
 10599 | D:8      | Noticed a two-headed ogre
 10611 | D:8      | Killed a two-headed ogre
 11060 | D:8      | Found a basalt altar of Yredelemnul.
 11065 | D:8      | Found a shadowy altar of Dithmenos.
 11065 | D:8      | Found a sparkling altar of Nemelex Xobeh.
 11403 | D:8      | Found an ancient bone altar of Kikubaaqudgha.
 11403 | D:8      | Reached ** piety under Hepliaklqana
 11404 | D:8      | Remembered your ancestor Yadidatum as a knight
 11529 | D:9      | Found a staircase to the Orcish Mines.
 11530 | D:9      | Noticed Prince Ribbit
 11554 | D:9      | Killed Prince Ribbit
 12193 | D:9      | Noticed Grum
 12226 | D:9      | Slain by Grum

Levels and vault maps discovered:
D:1:      minmay_arrival_checkered_box, layout_basic, minmay_ruptured
D:2:      minmay_wonky_spiral, layout_basic,
          nicolae_ru_great_annihilating_truth, feat_on_display, uniq_natasha
D:3:      layout_basic, serial_bayou_lagoon_a
D:4:      minmay_angry_zag, layout_cave_pools, minmay_temple_entry_statues,
          first_ration
D:5:      layout_basic, uniq_ijyb
D:6:      layout_cave_pools, lemuel_doored_altar, serial_shops, shop,
          kennysheep_generic_room_14
D:7:      layout_gridville, vehumet_altar_wand_db
D:8:      nicolae_whirlpool, layout_rooms, kennysheep_mini_moat,
          grunt_temple_overflow_diamond
D:9:      layout_loops_ring, eat_drink_and_be_merry_uskayaw, orc_david_3,
          uniq_prince_ribbit1, uniq_grum
Temple:   eino_temple_lava

Skill      XL: |  1  2  3  4  5  6  7  8  9 10 |
---------------+-------------------------------+-----
Dodging        | 2 |  2.5
Transmutations | 3 4 5 6 7 |  7.0
Unarmed Combat | 4 5 6 7 9 |  9.8
Poison Magic   | 1 2 4 5 6 |  6.8
Fighting       | 2 3 5 6 |  6.9
Ice Magic      | 1 3 4 |  4.2
Spellcasting   | 3 4 |  4.6
Air Magic      | 1 3 |  3.0
Conjurations   | |  0.7

Action                   |  1- 3 |  4- 6 |  7- 9 | 10-12 || total
-------------------------+-------+-------+-------+-------++-------
Melee: Unarmed           |   132 |   184 |   380 |   137 ||   833
       Tailslap          |     6 |    10 |    24 |     7 ||    47
       Headbutt          |    12 |       |     2 |       ||    14
       Punch             |     2 |     1 |     6 |     4 ||    13
 Cast: Beastly Appendage |    17 |     1 |     2 |       ||    20
       Sticks to Snakes  |     2 |     2 |     1 |       ||     5
       Spider Form       |     1 |    12 |    12 |     7 ||    32
       Mephitic Cloud    |       |       |     1 |     3 ||     4
Invok: Ancestor Identity |       |       |     2 |       ||     2
       Ancestor Life: Kn |       |       |       |     1 ||     1
 Abil: End Transformatio |       |     1 |       |       ||     1
       Breathe Noxious F |       |       |       |     1 ||     1
  Use: Scroll            |       |       |     8 |       ||     8
       Potion            |       |       |     1 |       ||     1
 Stab: Paralysed         |     1 |       |       |       ||     1
       Distracted        |       |     1 |     6 |       ||     7
       Confused          |       |       |     1 |       ||     1
       Sleeping          |       |       |     1 |       ||     1
  Eat: Chunk             |     4 |     8 |    12 |     7 ||    31
       Ration            |       |     1 |     2 |       ||     3
Armor: Skin              |    39 |    45 |   118 |    29 ||   231
Dodge: Dodged            |    84 |   129 |   229 |   105 ||   547
Block: Other             |       |       |    18 |     4 ||    22

Table legend:
 A = Non-vault XP
 B = Vault XP
 C = Vault XP percentage of total XP
 D = Non-vault monster count
 E = Vault monster count
 F = Vault count percentage of total count
                 A         B        C        D         E       F
            +---------+---------+-------+---------+---------+-------
      Total |    7932 |    1196 |  13.1 |     213 |      28 |  11.6
            +---------+---------+-------+---------+---------+-------
        D:1 |      41 |       5 |  10.9 |      19 |       3 |  13.6
        D:2 |      98 |      46 |  31.9 |      17 |       7 |  29.2
        D:3 |     257 |       0 |   0.0 |      34 |       0 |   0.0
        D:4 |     450 |      92 |  17.0 |      19 |       3 |  13.6
        D:5 |     542 |      36 |   6.2 |      14 |       1 |   6.7
        D:6 |    1107 |       3 |   0.3 |      20 |       1 |   4.8
        D:7 |    2214 |       2 |   0.1 |      32 |       1 |   3.0
        D:8 |    2345 |     110 |   4.5 |      37 |       1 |   2.6
        D:9 |     878 |     902 |  50.7 |      21 |      11 |  34.4
            +---------+---------+-------+---------+---------+-------
